Map: Ruins of Seras

Players

llllllllllll

  • Race: Zerg Zerg
  • League: Platinum

Grumm - Winner!

  • Race: Protoss Protoss
  • League: Gold

VOD

Have the link to the VOD?

Description

Time

  • Played on: Jan. 24, 2016, 10:40 p.m.
  • Length: 15:11
Show
View Real Time Build Order
Export as new Build Order

llllllllllll Zerg 

Build Orders: Pool First 

Get SALT Encoding   

  12  0:02  Drone  
  13  0:10  Drone  
  14  0:28  Spawning Pool  
  13  0:34  Drone  
  14  0:37  Drone, Extractor  
  14  0:47  Overlord  
  14  1:16  Zergling x6  
  14  1:17  Queen  
  19  1:28  Zergling x2  
  20  1:46  Metabolic Boost  
  20  2:07  Hatchery  
  19  2:12  Drone  
  19  2:13  Drone  
  18  2:32  Drone  
  18  2:33  Drone x3  
  21  2:43  Overlord  
  21  3:04  Drone  
  21  3:05  Drone x2  
  24  3:18  Overlord  
  24  3:27  Queen  
  24  3:28  Drone  
  24  3:29  Drone  
  28  3:35  Lair  
  28  3:38  Zergling x6  
  31  4:03  Drone x3  
  31  4:04  Drone x3  
  37  4:15  Extractor  
  36  4:19  Drone x2, Evolution Chamber  
  36  4:20  Drone x2, Evolution Chamber  
  38  4:26  Overlord  
  37  4:46  Zerg Ground Armor Level 1  
  37  4:55  Zerg Melee Weapons Level 1  
  37  4:58  Extractor  
  37  4:59  Drone x3  
  40  5:00  Drone x3, Extractor  
  41  5:12  Drone x2  
  43  5:19  Hatchery, Extractor  
  41  5:22  Extractor  
  41  5:26  Drone x2  
  41  5:27  Drone x4  
  46  5:38  Overlord x2  
  46  5:41  Overseer  
  46  5:57  Zergling x6  
  46  5:58  Zergling x4  
  46  6:03  Queen  
  53  6:06  Hatchery  
  53  6:09  Spore Crawler  
  51  6:13  Spore Crawler  
  45  6:46  Drone x3  
  45  6:47  Drone x6  
  50  6:48  Drone x3  
  57  6:59  Spire  
  54  7:18  Drone x3  
  54  7:19  Drone x4  
  61  7:36  Spore Crawler  
  60  7:38  Drone x6  
  60  7:39  Drone  
  60  7:43  Zerg Melee Weapons Level 2  
  67  7:44  Zerg Ground Armor Level 2  
  67  8:02  Spore Crawler  
  66  8:05  Spore Crawler  
  66  8:11  Queen  
  67  8:14  Corruptor x4  
  67  8:15  Corruptor  
  67  8:16  Zergling x2  
  67  8:17  Zergling x4  
  67  8:19  Overlord x4  
  80  8:23  Zerg Flyer Weapons Level 1  
  80  8:29  Overlord  
  80  8:30  Overlord x2  
  79  8:56  Corruptor x3  
  79  8:57  Corruptor x2  
  79  8:58  Zergling x4  
  79  8:59  Zergling x4  
  93  9:09  Infestation Pit  
  92  9:26  Zergling x8  
  92  9:27  Zergling x12  
  92  9:28  Zergling x10  
  92  9:29  Zergling x2  
  108  9:56  Drone, Hive  
  108  9:57  Drone x4  
  113  10:08  Hatchery  
  113  10:10  Extractor  
  113  10:11  Extractor  
  81  10:25  Zergling x2  
  81  10:26  Zergling x14  
  81  10:27  Zergling x12  
  81  10:28  Zergling x4  
  74  10:55  Zergling x12  
  74  10:56  Zergling x8  
  73  11:05  Drone x3  
  73  11:06  Drone x2  
  67  11:32  Greater Spire  
  66  11:41  Overseer  
  66  11:42  Overseer  
  66  11:45  Drone x6  
  66  11:46  Drone x3  
  75  11:50  Drone x3  
  78  12:10  Queen  
  80  12:22  Corruptor  
  80  12:47  Brood Lord x5  
  80  12:48  Brood Lord x3  
  98  12:54  Drone  
  98  12:55  Drone x2  
  99  13:11  Drone x6  
  99  13:12  Drone x5  
  110  13:22  Corruptor x3  
  110  13:23  Corruptor x2  
  120  13:43  Zergling x12  
  125  13:54  Mutalisk x5  
  125  13:55  Mutalisk  
  134  14:07  Mutalisk x4  
  134  14:08  Mutalisk  
  124  14:11  Swarm Host  
  100  14:25  Zergling x4  
  100  14:26  Zergling x4  
  100  14:27  Zergling x2  
  86  14:45  Zergling x6  
  63  15:06  Spawning Pool  
Show
View Real Time Build Order
Export as new Build Order

Grumm Protoss - Winner!

Build Orders: Nexus First 

Get SALT Encoding   

  12  0:01  Probe (Chrono Boost)  
  13  0:11  Probe (Chrono Boost)  
  14  0:22  Pylon  
  14  0:28  Probe (Chrono Boost)  
  15  0:33  Assimilator  
  15  1:03  Nexus  
  15  1:08  Probe (Chrono Boost)  
  16  1:23  Gateway  
  16  1:37  Forge  
  16  1:43  Probe (Chrono Boost)  
  17  1:53  Probe (Chrono Boost)  
  18  2:03  Pylon  
  18  2:04  Probe (Chrono Boost)  
  19  2:20  Photon Cannon  
  13  2:38  Probe (Chrono Boost)  
  14  2:52  Probe (Chrono Boost)  
  15  2:59  Cybernetics Core  
  15  3:12  Gateway  
  15  3:18  Pylon  
  15  3:21  Probe (Chrono Boost)  
  16  3:30  Probe (Chrono Boost)  
  16  3:32  Probe (Chrono Boost)  
  18  3:41  Probe (Chrono Boost)  
  19  3:44  Probe (Chrono Boost)  
  20  3:56  Probe (Chrono Boost)  
  20  4:00  Probe (Chrono Boost)  
  21  4:08  Photon Cannon  
  21  4:10  Stargate  
  21  4:16  Pylon  
  22  4:17  Probe (Chrono Boost)  
  22  4:18  Probe (Chrono Boost)  
  23  4:28  Assimilator, Adept  
  25  4:32  Adept  
  27  4:39  Probe (Chrono Boost)  
  27  4:40  Warp Gate (Chrono Boost)  
  27  4:45  Probe (Chrono Boost)  
  29  4:50  Probe (Chrono Boost)  
  30  5:06  Probe (Chrono Boost)  
  31  5:09  Assimilator  
  31  5:10  Probe (Chrono Boost)  
  32  5:17  Probe (Chrono Boost), Gateway  
  32  5:19  Pylon  
  33  5:25  Oracle  
  33  5:26  Pylon, Probe (Chrono Boost)  
  33  5:27  Probe (Chrono Boost)  
  38  5:46  Twilight Council  
  38  5:50  Gateway  
  38  5:55  Probe x2  
  40  6:00  Protoss Ground Weapons Level 1 (Chrono Boost)  
  40  6:07  Probe  
  40  6:08  Assimilator  
  40  6:09  Probe  
  42  6:19  Probe  
  43  6:28  Void Ray  
  43  6:29  Probe  
  43  6:31  Probe  
  49  6:43  Dark Shrine  
  49  6:44  Probe x2  
  51  6:51  Zealot  
  51  6:52  Zealot x2  
  57  6:56  Probe x2  
  59  7:05  Void Ray  
  56  7:08  Probe x2  
  62  7:20  Probe x2  
  64  7:24  Pylon, Stalker  
  64  7:25  Stalker  
  64  7:27  Pylon  
  68  7:32  Probe  
  69  7:44  Probe  
  70  7:52  Nexus  
  70  7:57  Pylon  
  70  8:00  Pylon  
  70  8:02  Mothership Core  
  72  8:07  Dark Templar x4  
  80  8:25  Gateway  
  80  8:27  Gateway  
  80  8:30  Assimilator  
  80  8:33  Gateway  
  80  8:35  Forge  
  80  8:37  Photon Cannon  
  80  8:39  Photon Cannon  
  80  8:42  Probe x2  
  80  8:47  Zealot  
  84  8:51  Protoss Ground Armor Level 1 (Chrono Boost)  
  84  8:54  Probe  
  85  8:57  Photon Cannon  
  85  9:00  Probe  
  86  9:06  Probe  
  87  9:10  Probe  
  87  9:12  Probe  
  89  9:18  Probe  
  89  9:21  Stalker x3  
  96  9:32  Dark Templar x2  
  96  9:35  Protoss Ground Weapons Level 2 (Chrono Boost), Archon  
  96  9:37  Probe  
  101  9:38  Probe x2  
  101  9:45  Assimilator  
  103  9:48  Probe  
  103  9:49  Gateway  
  103  9:50  Probe  
  105  9:56  Void Ray  
  105  9:58  Pylon  
  105  10:06  Fleet Beacon  
  109  10:09  Pylon  
  109  10:11  Stargate  
  87  10:23  Dark Templar  
  87  10:24  Dark Templar x2  
  87  10:25  Zealot x3  
  87  10:26  Zealot  
  81  11:11  Probe  
  82  11:19  Dark Templar x5  
  82  11:20  Probe  
  82  11:21  Probe  
  82  11:25  Probe  
  91  11:31  Zealot x3  
  95  11:37  Archon x2  
  95  11:47  Pylon  
  95  11:50  Robotics Facility  
  95  11:54  Pylon  
  95  11:55  Charge (Chrono Boost)  
  95  11:57  Robotics Facility  
  95  12:01  Zealot  
  97  12:03  Zealot x4  
  97  12:04  Zealot x3  
  111  12:12  Gateway  
  111  12:13  Gateway  
  111  12:15  Gateway  
  111  12:17  Pylon  
  111  12:19  Pylon  
  111  12:21  Gateway  
  111  12:23  Pylon  
  111  12:29  Photon Cannon  
  111  12:40  Immortal  
  115  12:45  Nexus  
  115  12:47  Tempest  
  115  12:52  Tempest  
  123  13:03  Stalker x2  
  123  13:04  Stalker  
  123  13:05  Stalker x5  
  139  13:16  Pylon  
  139  13:18  Assimilator  
  139  13:28  Pylon  
  125  13:58  Stalker x4  
  125  13:59  Stalker x5  
  115  14:30  Stalker x5  
  115  14:31  Stalker x3  
  118  14:54  Probe  
  118  14:55  Probe  
  118  14:57  Photon Cannon  
  118  15:01  Photon Cannon  
  118  15:03  Assimilator  
  118  15:04  Stalker x5  
  118  15:05  Stalker x3  
Tags
 
Add a new tag
Caveats
  • Supply blocks, unpowered buildings, or Contaminate may cause inaccurate times.
  • Supply counts are checked every 10 seconds.